Map: Rainfall LE

Players

Grafff - Winner!

  • Race: Zerg Zerg
  • League: Diamond

Esamurai

  • Race: Terran Terran
  • League: Platinum

VOD

Have the link to the VOD?

Description

Time

  • Played on: Oct. 25, 2026, 12:50 a.m.
  • Length: 13:27
Show
View Real Time Build Order
Export as new Build Order

Grafff Zerg - Winner!

Build Orders: Hatch First 

Get SALT Encoding   

  12  0:00  Drone  
  13  0:13  Overlord  
  13  0:17  Drone  
  14  0:31  Drone x2  
  16  0:36  Drone  
  17  0:51  Hatchery  
  17  0:54  Drone  
  17  1:10  Spawning Pool  
  16  1:12  Drone  
  16  1:16  Drone  
  18  1:18  Drone  
  19  1:39  Hatchery  
  18  1:47  Drone x2  
  20  1:58  Queen  
  22  2:03  Queen  
  22  2:07  Drone  
  25  2:09  Drone  
  25  2:13  Drone  
  25  2:15  Drone  
  28  2:20  Overlord  
  28  2:25  Overlord  
  28  2:30  Overlord  
  28  2:44  Queen  
  32  2:55  Queen  
  32  2:56  Drone x2  
  32  2:57  Drone x2  
  32  2:58  Drone  
  37  3:02  Drone  
  37  3:03  Drone  
  37  3:04  Drone  
  40  3:17  Drone  
  40  3:18  Drone x5  
  40  3:19  Drone  
  47  3:21  Drone  
  48  3:28  Extractor  
  48  3:29  Extractor  
  48  3:30  Drone x3  
  49  3:45  Drone  
  49  3:47  Overlord  
  49  3:48  Overlord x4  
  50  4:05  Queen  
  50  4:06  Extractor  
  50  4:09  Extractor  
  50  4:12  Spore Crawler  
  50  4:15  Spore Crawler  
  50  4:17  Drone x3  
  49  4:18  Drone x3  
  49  4:19  Drone  
  49  4:20  Drone x7  
  62  4:35  Drone x4  
  62  4:38  Drone  
  67  4:43  Lair  
  67  4:51  Evolution Chamber  
  67  4:52  Evolution Chamber  
  65  4:55  Baneling Nest  
  65  4:56  Queen x2  
  68  5:12  Drone  
  68  5:13  Drone x13  
  82  5:18  Extractor  
  82  5:19  Drone x3  
  82  5:20  Extractor  
  83  5:22  Zerg Melee Weapons Level 1, Zerg Ground Armor Level 1  
  83  5:24  Metabolic Boost  
  83  5:30  Zergling x2  
  83  5:31  Zergling x4  
  86  5:39  Drone x4  
  86  5:41  Overlord  
  86  5:42  Overlord x5  
  90  5:56  Hatchery  
  89  6:04  Zergling x2  
  89  6:05  Zergling x2  
  89  6:06  Zergling x4  
  89  6:10  Infestation Pit  
  92  6:11  Spire  
  92  6:12  Hatchery  
  92  6:16  Zergling x2  
  92  6:17  Zergling x20  
  101  6:18  Extractor  
  101  6:19  Extractor  
  99  6:36  Baneling  
  99  6:37  Baneling  
  99  6:53  Infestor x2  
  103  6:55  Zergling x24  
  115  7:05  Drone x3  
  115  7:07  Drone x3  
  120  7:12  Hive  
  120  7:15  Zergling x2  
  121  7:16  Zergling x12  
  121  7:20  Baneling  
  121  7:21  Baneling x6  
  127  7:44  Zergling x6  
  127  7:45  Zergling x32  
  127  7:49  Baneling x5  
  127  7:50  Baneling x9  
  146  7:51  Zergling x2  
  146  7:52  Zergling x2  
  148  8:04  Overlord x12  
  148  8:06  Overseer x4  
  148  8:11  Baneling  
  148  8:12  Baneling x3  
  95  8:55  Zerg Melee Weapons Level 2, Zerg Ground Armor Level 2  
  95  8:56  Ultralisk Cavern  
  94  9:10  Spore Crawler  
  94  9:12  Drone  
  94  9:13  Drone x13  
  107  9:20  Zergling x26, Infestor  
  107  9:21  Infestor x2, Spine Crawler  
  107  9:22  Zergling x2  
  107  9:23  Zergling x10, Spine Crawler  
  130  9:57  Hatchery  
  129  10:00  Extractor x2  
  129  10:04  Baneling x11  
  129  10:05  Baneling x7  
  127  10:07  Zerg Flyer Weapons Level 1, Adrenal Glands  
  127  10:12  Microbial Shroud  
  127  10:17  Zergling x2  
  127  10:18  Zergling x44  
  127  10:19  Zergling x16  
  158  10:30  Drone x2  
  158  10:31  Drone  
  158  10:32  Drone x3  
  164  10:39  Ultralisk x2  
  136  11:21  Centrifugal Hooks  
  126  11:27  Zergling x2  
  126  11:28  Zergling x44  
  126  11:29  Zergling x34  
  166  11:45  Drone  
  166  11:46  Drone x6  
  173  11:50  Extractor, Hatchery  
  171  11:56  Extractor  
  170  12:12  Baneling  
  170  12:13  Baneling x19  
  170  12:16  Ultralisk x3  
  170  12:17  Ultralisk x2  
  200  12:24  Pneumatized Carapace  
  187  12:48  Corruptor  
  187  12:49  Corruptor x5  
Show
View Real Time Build Order
Export as new Build Order

Esamurai Terran 

Build Orders:  

Get SALT Encoding   

  12  0:00  SCV  
  13  0:12  SCV  
  14  0:17  Supply Depot  
  14  0:25  SCV  
  15  0:39  Barracks  
  15  0:40  SCV  
  16  0:46  Refinery  
  16  0:52  SCV  
  17  1:04  SCV  
  18  1:16  SCV  
  19  1:28  Orbital Command  
  19  1:35  Barracks Reactor  
  19  1:47  Command Center  
  19  1:54  SCV  
  20  2:08  SCV  
  21  2:12  Supply Depot  
  21  2:15  Marine  
  21  2:16  Marine  
  23  2:28  Bunker  
  23  2:34  SCV  
  23  2:35  Factory  
  24  2:39  Refinery  
  24  2:42  Barracks  
  24  2:46  SCV, Marine  
  24  2:47  Marine  
  27  2:58  SCV  
  27  3:00  Orbital Command  
  28  3:09  Supply Depot  
  28  3:11  SCV  
  29  3:16  Marine x2  
  31  3:23  Factory Tech Lab, SCV  
  31  3:26  SCV  
  33  3:32  Barracks Tech Lab  
  33  3:36  SCV  
  34  3:46  SCV  
  34  3:48  Supply Depot, SCV  
  36  3:53  Combat Shield  
  36  4:03  Siege Tank  
  36  4:04  Marine  
  36  4:05  Marine x2  
  42  4:10  SCV  
  42  4:11  SCV  
  44  4:22  SCV  
  44  4:23  Marine  
  46  4:24  SCV  
  47  4:32  Supply Depot  
  47  4:35  SCV, Marine  
  47  4:36  Marine, SCV  
  47  4:37  Siege Tank  
  54  4:42  Starport  
  54  4:45  Barracks  
  54  4:47  SCV  
  54  4:49  SCV  
  56  4:57  Engineering Bay  
  56  5:06  Supply Depot  
  56  5:07  SCV x2, Marine x2  
  60  5:14  Siege Tank  
  60  5:18  Stimpack  
  60  5:19  Marine, SCV  
  65  5:21  Starport Reactor  
  65  5:25  Marine, Terran Infantry Weapons Level 1  
  65  5:27  SCV  
  67  5:31  SCV  
  67  5:34  Refinery  
  68  5:38  Marine x2  
  68  5:41  Barracks Reactor  
  70  5:43  Marine  
  70  5:46  Supply Depot  
  71  5:51  Siege Tank  
  71  5:56  Marine, Refinery  
  75  5:58  SCV  
  75  6:00  Marine  
  77  6:09  Supply Depot  
  77  6:13  Marine  
  77  6:14  Supply Depot, Medivac  
  80  6:20  Marine x2  
  80  6:25  Marine x2  
  84  6:30  Siege Tank  
  84  6:32  Marine  
  88  6:38  Marine  
  89  6:40  Medivac, Marine  
  89  6:42  Marine  
  89  6:43  Marine  
  89  6:45  Barracks  
  89  6:46  Barracks  
  94  6:51  Marine  
  94  6:52  Medivac  
  97  6:56  Marine  
  98  7:02  Marine  
  98  7:03  Marine x2  
  101  7:09  Marine  
  102  7:21  Supply Depot x2  
  102  7:24  Siege Tank  
  102  7:25  Marine x2  
  102  7:26  Marine  
  104  8:03  Marine x4  
  104  8:04  Marine  
  104  8:05  Siege Tank  
  112  8:06  Medivac x2  
  116  8:21  Marine  
  65  8:34  Marine x4  
  65  8:39  Marine x3  
  69  8:52  Marine x4  
  73  9:01  Command Center, Barracks  
  73  9:02  Marine x2  
  75  9:03  Refinery, Barracks, Marine  
  75  9:05  Barracks, Siege Tank  
  75  9:06  Factory, Refinery  
  75  9:07  Liberator  
  75  9:09  Marine  
  82  9:10  Marine  
  82  9:12  Marine x2  
  86  9:19  Marine  
  87  9:25  Terran Infantry Armor Level 1, Marine x2  
  87  9:27  Marine  
  87  9:28  Marine  
  91  9:32  SCV  
  91  9:33  SCV  
  91  9:37  Siege Tank  
  96  9:39  Marine x2  
  98  9:47  Marine x3  
  98  9:48  Marine x2  
  103  9:53  Barracks Reactor, Barracks Tech Lab  
  103  9:55  Factory Tech Lab  
  103  9:57  Marine x2  
  105  10:05  Marine x4  
  105  10:06  Marine  
  110  10:08  Liberator  
  110  10:11  SCV x2  
  115  10:16  Planetary Fortress  
  115  10:18  Missile Turret  
  115  10:20  Marine x3, Missile Turret  
  118  10:23  Marine x4, SCV x2  
  124  10:36  Marine  
  124  10:37  Marine  
  123  10:54  Marine x3  
  123  10:55  Marine x7  
  136  10:57  Siege Tank  
  136  10:58  Medivac x2  
  138  11:12  Marine x2  
  105  11:23  Marine x2  
  105  11:24  Marine x6  
  103  11:30  Marine x2  
  103  11:31  Siege Tank  
  108  11:33  Liberator x2  
  114  11:41  Armory, Marine x3  
  114  11:42  Marine, Engineering Bay  
  114  11:44  SCV x2  
  120  11:51  Concussive Shells  
  120  11:53  Marine x4  
  120  11:54  Marine x2  
  125  11:56  SCV x2  
  125  11:59  Marine  
  129  12:03  Siege Tank  
  129  12:04  Marine  
  129  12:05  Marine  
  129  12:07  Marine  
  129  12:08  SCV x2  
  137  12:11  Command Center  
  137  12:14  Marine  
  137  12:15  Marine x3  
  141  12:20  SCV  
  141  12:21  Marine x3  
  141  12:22  Marine  
  145  12:23  Marine  
  112  13:04  Marine x5  
  112  13:05  Marine x5  
Tags
 
Add a new tag
Caveats
  • Supply blocks, unpowered buildings, or Contaminate may cause inaccurate times.
  • Supply counts are checked every 10 seconds.